 Dungeon Crawl Stone Soup version 0.27.1-3-gb3d3a73c9e (webtiles) character file.

Game seed: 4396866608789261378

1595 hypoxyphilia the Reanimator (level 8, -5/52 HPs)
             Began as a Vampire Necromancer on Oct 30, 2021.
             Shot with an arrow by a centaur (11 damage)
             ... on level 6 of the Dungeon.
             The game lasted 01:21:41 (8619 turns).

hypoxyphilia the Reanimator (Vampire Necromancer)   Turns: 8619, Time: 01:21:41

Health: -5/52      AC:  3    Str:  7    XL:     8   Next: 62%
Magic:  15/15      EV: 11    Int: 19    God:
Gold:   163        SH:  0    Dex: 15    Spells: 3/17 levels left

rFire    . . .     SeeInvis +   g - +1 dagger (venom)
rCold    . . .     Faith    .   (no shield)
rNeg     . . .     Spirit   .   r - +0 leather armour
rPois    .         Reflect  .   (no helmet)
rElec    .         Harm     .   (no cloak)
rCorr    .         Rampage  .   (no gloves)
Will     .....                  (no boots)
Stlth    ++++......             (no amulet)
HPRegen  0.37/turn              a - +4 ring of slaying
MPRegen  0.14/turn              k - +4 ring of slaying

@: healing quickly
A: alive, fangs 3, see invisible, vampiric 2
a: Exsanguinate


You were on level 6 of the Dungeon.
You visited 1 branch of the dungeon, and saw 6 of its levels.

You collected 163 gold pieces.

Inventory:

Hand Weapons
 g - a +1 dagger of venom (weapon)
 y - a +0 hunting sling
Missiles
 c - 83 sling bullets
Armour
 l - a +0 ring mail
 r - a +0 leather armour (worn)
 u - a +0 scale mail
Magical Staves
 i - a staff of death
Jewellery
 a - a +4 ring of slaying (left hand)
 k - a +4 ring of slaying (right hand)
 x - a ring of flight
Wands
 w - a wand of acid (12)
Scrolls
 d - a scroll of fear
 o - a scroll of silence {unknown}
 p - a scroll of identify {unknown}
 q - a scroll of blinking {unknown}
 s - a scroll of amnesia {unknown}
 t - a scroll of holy word {unknown}
 z - a scroll of torment {unknown}
 A - a scroll of teleportation {unknown}
Potions
 b - a potion of magic {unknown}
 e - 3 potions of heal wounds {unknown}
 f - a potion of flight {unknown}
 h - a potion of ambrosia {unknown}
 j - a potion of brilliance {unknown}
 m - 4 potions of curing
 n - a potion of attraction {unknown}
 v - a potion of mutation {unknown}


   Skills:
 - Level 2.1 Dodging
 + Level 8.9 Stealth
 + Level 5.3 Spellcasting
 * Level 9.6 Necromancy


You had 3 spell levels left.
You knew the following spells:

 Your Spells              Type           Power      Damage    Failure   Level
a - Pain                  Necr           100%       1d9       1%          1
b - Animate Skeleton      Necr           82%        N/A       1%          1
c - Vampiric Draining     Necr           20%        2d8       1%          3
d - Animate Dead          Necr           20%        N/A       3%          4
e - Agony                 Necr           41%        N/A       10%         5

Your spell library contained the following spells:

 Spells                   Type           Power      Damage    Failure   Level
 Freeze                   Ice            20%        1d4       19%         1
 Ensorcelled Hibernation  Hex/Ice        10%        N/A       28%         2
 Death Channel            Necr           20%        N/A       47%         6
 Borgnjor's Vile Clutch   Necr/Erth      11%        N/A       56%         5
 Summon Ice Beast         Ice/Summ       5%         N/A       88%         4


Dungeon Overview and Level Annotations

Branches:
Dungeon (6/15)
 Temple: D:4-7

Altars:

Shops:
D:1 (

Annotations:
D:5 Sigmund
D:6 Dowan, Duvessa, Maggie


Innate Abilities, Weirdness & Mutations

Your natural rate of healing is accelerated.
You have razor-sharp teeth.
You have supernaturally acute eyesight. (SInv)
You are afflicted with vampirism and can become a bat while bloodless.


Message History

The phantom hits you.
The phantom blinks!
You blink.
Your hound zombie completely misses the phantom.
You hit the phantom but do no damage.
The phantom is almost destroyed.
The phantom barely misses you.
Your hound zombie misses the phantom.
You hit the phantom.
You destroy the phantom!
A centaur comes into view.
The centaur shouts!
The centaur wields a +2 shortbow of freezing.
It is covered in frost.
The centaur shoots an arrow.
The arrow hits you! The arrow freezes you. What are your orders? t - Shout!
Orders for allies: a - Attack new target. r - Retreat! s - Stop attacking. g - Guard the area. f - Follow me.
Anything else - Cancel.
Gang up on whom?
Press: ? - help, Dir - move target, f - centaur
Aim: a centaur, wielding a +2 shortbow of freezing and quivering arrows Attack!
The centaur shoots an arrow.
The arrow hits you! The arrow freezes you.
The centaur shoots an arrow.
The arrow hits you!
* * * LOW HITPOINT WARNING * * *
The arrow freezes you.
* * * LOW HITPOINT WARNING * * *
You swap places.
Your hound zombie closely misses the centaur.
The centaur unwields a +2 shortbow of freezing.
The centaur hits your hound zombie. The centaur kicks your hound zombie.
Your hound zombie closely misses the centaur.
The centaur hits your hound zombie.
The centaur completely misses your hound zombie.
Your hound zombie bites the centaur but does no damage.
The centaur wields a +2 shortbow of freezing.
It is covered in frost.
The centaur shoots an arrow.
The arrow hits your hound zombie!
Your hound zombie is destroyed!
The centaur shoots an arrow.
The arrow hits you!
You die...

.###.# #.# .....#
#.# .....# #.#
.##.## #.# .##.#
#.#
###.############.#
# #..............#
####.######.#..#
#.# #.#.@# #.#
#.#..# #.# #.#..#
#.# #.#.#######
#.# #.#........
.#. #.#.######. .
. ..#.# . . .##c#
.. ..c......#


You could see a centaur.

Vanquished Creatures
  A water moccasin (D:4)
  A black bear (D:5)
  3 necrophages
  A sky beast (D:6)
  2 ogres (D:5)
  A phantom (D:6)
  A water moccasin skeleton (D:4)
  A centaur zombie (D:5)
  5 orc priests
  2 hounds (D:6)
  2 jellies
  A bullfrog skeleton (D:6)
  A centaur skeleton (D:5)
  3 iguanas
  5 orc wizards
  An adder (D:3)
  4 gnolls (D:3)
  A howler monkey skeleton (D:5)
  A white imp (D:5)
  An ufetubus (D:4)
  2 dart slugs (D:1)
  18 orcs
  3 bats
  7 endoplasms
  2 giant cockroaches (D:1)
  5 goblins
  5 hobgoblins
  4 kobolds
  6 quokkas
  7 ball pythons
  2 frilled lizards (D:1)
  3 rats
102 creatures vanquished.

Vanquished Creatures (collateral kills)
  A black bear (D:5)
  A hound (D:4)
  4 endoplasms
  A hobgoblin (D:4)
  A kobold (D:1)
8 creatures vanquished.

Grand Total: 110 creatures vanquished

Notes
Turn   | Place    | Note
-------+----------+-------------------------------------------
     0 | D:1      | hypoxyphilia the Vampire Necromancer began the quest for
                  | the Orb.
     0 | D:1      | Reached XP level 1. HP: 13/13 MP: 3/3
    24 | D:1      | Found a faded altar of an unknown god.
    56 | D:1      | Learned a level 1 spell: Animate Skeleton
    99 | D:1      | Found Sery's Antique Weapon Shoppe.
   241 | D:1      | Reached XP level 2. HP: 18/19 MP: 3/5
   720 | D:1      | Reached skill level 5 in Necromancy
   781 | D:1      | Gained mutation: You are afflicted with vampirism and can
                  | become a bat while bloodless. [Vampire growth]
   781 | D:1      | Reached XP level 3. HP: 24/24 MP: 6/6
  1049 | D:2      | Learned a level 3 spell: Vampiric Draining
  2358 | D:3      | Reached XP level 4. HP: 24/24 MP: 3/7
  2883 | D:3      | Reached XP level 5. HP: 13/28 MP: 1/9
  3221 | D:3      | Learned a level 4 spell: Animate Dead
  3374 | D:3      | Reached skill level 6 in Necromancy
  3579 | D:3      | Reached skill level 5 in Stealth
  4362 | D:5      | Entered Level 5 of the Dungeon
  4362 | D:5      | Noticed a necrophage
  4793 | D:4      | Got the Incunabulum of Frigorific Darkness
  5085 | D:4      | Reached XP level 6. HP: 30/32 MP: 6/11
  5710 | D:5      | Noticed Sigmund
  5835 | D:4      | Reached skill level 7 in Necromancy
  6080 | D:5      | Noticed a water moccasin
  6330 | D:5      | Reached XP level 7. HP: 27/46 MP: 12/12
  6646 | D:4      | Reached skill level 8 in Necromancy
  6835 | D:5      | Learned a level 5 spell: Agony
  7284 | D:4      | Reached XP level 8. HP: 24/52 MP: 4/14
  7690 | D:5      | Reached skill level 9 in Necromancy
  7966 | D:6      | Noticed Duvessa
  7966 | D:6      | Noticed Dowan
  8153 | D:6      | Noticed Maggie
  8222 | D:6      | Reached skill level 5 in Spellcasting
  8619 | D:6      | Shot with an arrow by a centaur

Illustrated notes

Levels and vault maps discovered:
D:1:      lightli_arrival_maybe_door_vault, layout_rooms,
          shapermc_ecumenical_altar_starsandcircs, serial_shops,
          nicolae_shop_trees
D:2:      layout_loops_corners, minmay_misc_feat_more_columns
D:3:      layout_loops_ring
D:4:      layout_basic
D:5:      layout_rooms, uniq_sigmund
D:6:      cheibrodos_two_vegetables, layout_loops_ring,
          minmay_temple_entry_crystal_x, uniq_grinder, uniq_pikel, uniq_maggie,
          uniq_duvessa

Skill      XL: |  1  2  3  4  5  6  7  8 |
---------------+-------------------------+-----
Necromancy     | 5 6 7 8 9 |  9.6
Stealth        | 4 5 6 7 8 |  8.9
Spellcasting   | 3 4 5 |  5.3
Dodging        | |  2.1

Action                   |  1- 3 |  4- 6 |  7- 9 || total
-------------------------+-------+-------+-------++-------
Melee: Dagger            |    13 |    47 |    53 ||   113
       Bite              |       |     6 |     5 ||    11
 Fire: Hunting sling     |       |     3 |     3 ||     6
 Cast: Pain              |    51 |    42 |    30 ||   123
       Animate Skeleton  |     9 |     3 |       ||    12
       Vampiric Draining |     3 |    17 |    22 ||    42
       Animate Dead      |       |     6 |     8 ||    14
       Agony             |       |       |     1 ||     1
 Abil: Exsanguinate      |     1 |     1 |       ||     2
       Revivify          |       |     2 |       ||     2
  Use: Scroll            |       |       |     1 ||     1
 Stab: Sleeping          |     2 |     2 |     3 ||     7
Armor: Robe              |     7 |       |       ||     7
       Leather armour    |       |    13 |    15 ||    28
Dodge: Dodged            |    20 |    46 |    42 ||   108
